 Dungeon Crawl Stone Soup version 0.27-a0-1278-g6cbc8dfb29 (webtiles) character file.

Game seed: 4241408730884588917

664 trckry the Ruffian (level 7, -1/100 HPs)
             Began as a Troll Chaos Knight on June 13, 2021.
             Was a Plaything of Xom.
             Slain by a hornet (3 damage)
             ... on level 5 of the Dungeon.
             The game lasted 00:07:34 (4035 turns).

trckry the Ruffian (Troll Chaos Knight)             Turns: 4035, Time: 00:07:34

Health: -1/100     AC: 23    Str: 21 (23) XL:     7   Next: 31%
Magic:  6/6        EV:  1    Int:  7 (8)  God:    Xom [*.....]
Gold:   300        SH:  0    Dex: 11      Spells: 6/6 levels left

rFire    . . .     SeeInvis .     - Unarmed
rCold    . . .     Faith    .   (no shield)
rNeg     + + +     Spirit   .   (armour currently unavailable)
rPois    +         Reflect  .   (helmet currently unavailable)
rElec    .         Harm     .   (cloak currently unavailable)
rCorr    .         Rampage  .   (gloves unavailable)
Will     .....     NoTele   +   (boots unavailable)
Stlth    ++........             (no amulet)
HPRegen  1.26/turn              (no ring)
MPRegen  0.10/turn              (no ring)

@: lethally poisoned (-1 -> -4), tree-form, slowed, very slow
A: stationary, stasis, torment immunity, boosted hp, large, unfitting armour,
(claws 3), regeneration 1, (shaggy fur 1), (tough skin 1), (antennae 1),
(iridescent scales 1), thin skeletal structure 1, deterioration 2, mutation
resistance 1, (electricity resistance), MP-powered wands
a: Renounce Religion


You were on level 5 of the Dungeon.
You worshipped Xom.
You were a special plaything of Xom.
You were a tree.
You visited 2 branches of the dungeon, and saw 6 of its levels.

You collected 300 gold pieces.

Inventory:

Missiles
 h - 31 poisoned darts (quivered)
Armour
 a - a +2 robe (melded)
Jewellery
 t - a +6 ring of intelligence
Wands
 m - a wand of paralysis (5)
 q - a wand of iceblast (7)
Scrolls
 b - a scroll of enchant armour {unknown}
 c - 2 scrolls of teleportation {unknown}
 d - a scroll of brand weapon {unknown}
 e - a scroll of vulnerability {unknown}
 f - 4 scrolls of fear {unknown}
 g - 3 scrolls of identify {unknown}
 j - a scroll of immolation {unknown}
 k - 3 scrolls of noise {unknown}
Potions
 i - a potion of heal wounds {unknown}
 l - 2 potions of lignification
 n - a potion of curing {unknown}
 o - a potion of brilliance {unknown}
 r - a potion of flight {unknown}
 s - a potion of invisibility {unknown}
Miscellaneous
 p - a tin of tremorstones (2/2)


   Skills:
 + Level 3.5 Fighting
 + Level 2.3 Throwing
 + Level 2.3 Armour
 + Level 3.1 Dodging
 * Level 5.3 Unarmed Combat
 + Level 1.6 Evocations


You had 6 spell levels left.
You didn't know any spells.
Your spell library contained the following spells:

 Spells                   Type           Power      Damage    Failure   Level
 Animate Skeleton         Necr           0%         N/A       43%         1
 Apportation              Tloc           0%         N/A       43%         1
 Corona                   Hex            0%         N/A       43%         1
 Magic Dart               Conj           0%         1d3       43%         1
 Summon Small Mammal      Summ           0%         N/A       43%         1
 Blink                    Tloc           N/A        N/A       56%         2
 Call Imp                 Summ           0%         N/A       56%         2
 Ensorcelled Hibernation  Hex/Ice        0%         N/A       56%         2
 Slow                     Hex            0%         N/A       56%         2
 Confusing Touch          Hex            0%         N/A       80%         3
 Conjure Flame            Conj/Fire      0%         6-21      80%         3
 Dazzling Flash           Conj/Hex       0%         N/A       80%         3
 Gell's Gravitas          Tloc           0%         N/A       80%         3
 Mephitic Cloud           Conj/Pois/Air  0%         N/A       80%         3
 Tukima's Dance           Hex            0%         N/A       80%         3
 Petrify                  Tmut/Erth      0%         N/A       99%         4
 Metabolic Englaciation   Hex/Ice        0%         N/A       100%        5
 Yara's Violent Unravell  Hex/Tmut       0%         3d3       100%        5


Dungeon Overview and Level Annotations

Branches:
Dungeon (5/15)             Temple (1/1) D:5

Altars:
Ashenzari
Cheibriados
Elyvilon
Fedhas
Gozag
Hepliaklqana
Kikubaaqudgha
Makhleb
Nemelex Xobeh
Okawaru
Qazlal
Ru
Sif Muna
Uskayaw
Vehumet
Wu Jian
Xom
Zin
The Shining One

Shops:
D:4 (


Innate Abilities, Weirdness & Mutations

You are a tree.
Your roots penetrate the ground, keeping you stationary.
You cannot be teleported.
You are immune to unholy pain and torment.
Your maximum health is greatly increased.
Your equipment is partially melded.
You are too large for most types of armour.
((You have claws for hands.))
Your natural rate of healing is unusually fast.
((You are covered in fur. (AC +1)))
((You have tough skin. (AC +1)))
((You have a pair of small antennae on your head.))
((You are partially covered in iridescent scales. (AC +2)))
You have a somewhat thin skeletal structure. (Dex +2, Stealth+)
Your body often deteriorates upon taking damage.
You are somewhat resistant to further mutation.
((You are resistant to electric shocks. (rElec)))
You expend magic power (3 MP) to strengthen your wands.


Message History

You are more poisoned.
You feel as though you will be slow longer.
You can move again.
You take 43 damage, and have 24/67 hp.
MASSIVE DAMAGE!!
You closely miss the hornet.
The hornet is lightly wounded.
You feel very sick.
Xom momentarily opens a gate.
The hornet stings you but does no damage.
The hornet stings you.
* * * LOW HITPOINT WARNING * * *
You are more poisoned.
You feel as though you will be slow longer.
You take 7 damage, and have 17/67 hp.
It was a potion of lignification.
You turn into a tree.
Your +2 robe melds into your body.
Your roots penetrate the ground.
Xom thinks this is hilarious!
You feel extremely sick.
The hornet stings you but does no damage. x2
You now have 18/100 hp.
You smack the hornet!
The hornet is moderately wounded.
You feel very sick. The hornet stings you!
* * * LOW HITPOINT WARNING * * *
The hornet stings you but does no damage.
Your iron imp completely misses the hornet.
You take 13 damage, and have 5/100 hp.
You smack the hornet!
The hornet is heavily wounded.
* * * LOW HITPOINT WARNING * * *
You feel very sick. The hornet stings you.
* * * LOW HITPOINT WARNING * * *
You feel as though you will be slow longer.
Your quasit closely misses the hornet.
Your quasit claws the hornet.
Your quasit completely misses the hornet.
Your iron imp closely misses the hornet.
The hornet stings you.
You die...

#########
......5y#
......5♣##########
######.5.........#
#.....#######..#
#.###.#
##...####### ..
..# #.........>.
.. ...#
##...####### #
##### ##.## # #.#
# #.# #


You could see a hornet (ally target), a friendly iron imp (summoned), a friendly
quasit (summoned) and a friendly ufetubus (summoned).

Vanquished Creatures
  A water moccasin (D:4)
  2 ogres
  A jelly (D:4)
  3 hounds
  An orc priest (D:5)
  3 orc wizards
  7 adders
  A white imp (D:5)
  3 worms
  13 orcs
  7 endoplasms
  2 giant cockroaches
  7 goblins
  3 hobgoblins
  5 quokkas
  9 ball pythons
  6 bats
  2 frilled lizards
  10 kobolds
  6 rats
92 creatures vanquished.

Notes
Turn   | Place    | Note
-------+----------+-------------------------------------------
     0 | D:1      | trckry the Troll Chaos Knight began the quest for the Orb.
     0 | D:1      | Reached XP level 1. HP: 22/22 MP: 0/0
   212 | D:1      | Reached XP level 2. HP: 29/29 MP: 1/1
   239 | D:1      | XOM: divination: detect items
   472 | D:1      | XOM: noise
   544 | D:1      | Found a faded altar of an unknown god.
   862 | D:1      | XOM: silly message
  1041 | D:2      | Reached XP level 3. HP: 33/36 MP: 2/2
  1271 | D:2      | Reached skill level 1 in Armour
  1291 | D:2      | XOM: give mutations
  1291 | D:2      | Gained mutation: You are somewhat resistant to further
                  | mutation. [Xom's grace]
  1291 | D:2      | Gained mutation: You are resistant to electric shocks.
                  | (rElec) [Xom's grace]
  1291 | D:2      | Gained mutation: You have a somewhat thin skeletal
                  | structure. (Dex +2, Stealth+) [Xom's grace]
  1323 | D:2      | Found a white marble altar of Elyvilon.
  1424 | D:2      | Reached XP level 4. HP: 44/44 MP: 3/3
  1427 | D:2      | XOM: god gift: staff of conjuration
  1722 | D:3      | XOM is BORED!
  1722 | D:3      | XOM: noise
  1809 | D:3      | XOM: swap monsters
  1967 | D:3      | XOM: scenery: 1 doors open
  1998 | D:3      | XOM: cloud trail
  2152 | D:3      | XOM: cast spell 'Alistair's Intoxication'
  2170 | D:3      | Reached skill level 4 in Unarmed Combat
  2309 | D:3      | XOM: scenery: create altars
  2752 | D:4      | Reached skill level 1 in Throwing
  2757 | D:4      | Reached XP level 5. HP: 37/53 MP: 4/4
  2766 | D:4      | HP: 2/53 [acid (9)]
  2781 | D:4      | HP: 7/53 [acid (2)]
  2781 | D:4      | Xom revived you
  2847 | D:4      | XOM: give mutations
  2847 | D:4      | Gained mutation: You are partially covered in iridescent
                  | scales. (AC +2) [Xom's mischief]
  2847 | D:4      | Gained mutation: Your body sometimes deteriorates upon
                  | taking damage. [Xom's mischief]
  2847 | D:4      | Gained mutation: Your body often deteriorates upon taking
                  | damage. [Xom's mischief]
  2910 | D:4      | Noticed a water moccasin
  2921 | D:4      | XOM: enchant monster (good)
  2925 | D:4      | Reached XP level 6. HP: 46/61 MP: 5/5
  2934 | D:4      | Killed a water moccasin
  2935 | D:4      | Reached skill level 1 in Evocations
  3041 | D:4      | Found Tuusujy's Weapon Emporium.
  3043 | D:4      | XOM: summons 4 friendly demons
  3109 | D:4      | Found Komagh's Distillery.
  3134 | D:4      | Reached skill level 5 in Unarmed Combat
  3159 | D:4      | Found a shimmering blue altar of Sif Muna.
  3175 | D:5      | Entered Level 5 of the Dungeon
  3300 | D:5      | XOM is BORED!
  3394 | D:5      | XOM: butterfly on damage
  3398 | D:5      | Reached XP level 7. HP: 51/67 MP: 6/6
  3417 | D:5      | XOM: divination: detect creatures
  3511 | D:5      | XOM: noise
  3595 | D:5      | Found a staircase to the Ecumenical Temple.
  3596 | D:5      | Noticed a glowing shapeshifter
  3596 | D:5      | a butterfly changed into a glowing shapeshifter
  3596 | D:5      | XOM: polymorph butterfly -> glowing shapeshifter
  3596 | D:5      | Noticed a shining eye
  3596 | D:5      | a glowing shapeshifter changed into a shining eye
  3600 | Temple   | Entered the Ecumenical Temple
  3703 | Temple   | XOM: silly message
  3855 | Temple   | XOM: give mutations
  3855 | Temple   | Lost mutation: Your body often deteriorates upon taking
                  | damage. [Xom's mischief]
  3855 | Temple   | Gained mutation: Your body often deteriorates upon taking
                  | damage. [Xom's mischief]
  3855 | Temple   | Gained mutation: You expend magic power (3 MP) to
                  | strengthen your wands. [Xom's mischief]
  3855 | Temple   | Gained mutation: You have a pair of small antennae on your
                  | head. [Xom's mischief]
  3862 | D:5      | Noticed a guardian serpent
  3865 | D:5      | Noticed an elephant
  3865 | D:5      | a guardian serpent changed into an elephant
  3871 | D:5      | Noticed a fire crab
  3871 | D:5      | an elephant changed into a fire crab
  3874 | D:5      | XOM: 1-stop teleportation journey
  3947 | D:5      | Noticed a dream sheep
  3947 | D:5      | Noticed a deep troll
  3947 | D:5      | a dream sheep changed into a deep troll
  3953 | D:5      | Noticed a cyclops
  3953 | D:5      | a deep troll changed into a cyclops
  3963 | D:5      | Noticed a glowing orange brain
  3964 | D:5      | Noticed a sea snake
  3964 | D:5      | a glowing orange brain changed into a sea snake
  3980 | D:5      | Noticed a mana viper
  3986 | D:5      | Noticed a death drake
  3987 | D:5      | XOM: 2-stop teleportation journey
  4027 | D:5      | Noticed a hornet
  4029 | D:5      | Paralysed by a hornet for 2 turns
  4032 | D:5      | XOM: summons 3 friendly demons
  4034 | D:5      | HP: 14/100 [poisoned by a hornet]
  4034 | D:5      | HP: 5/100 [hornet (9)]
  4035 | D:5      | HP: 2/100 [hornet (1)]
  4035 | D:5      | Slain by a hornet

Illustrated notes

Levels and vault maps discovered:
D:1:      amcnicky_arrival_feature_with_door, layout_basic,
          shapermc_ecumenical_altar_notcrosses, palyth_stone_intersect,
          minmay_tromino_mix6
D:2:      layout_basic, basic_altar
D:3:      layout_basic, corexii_hall_statues_t, minmay_ruptured
D:4:      layout_rooms, led_sif_pool, serial_shops, kennysheep_mini_moat, shop,
          minmay_bent
D:5:      layout_loops_corners, minmay_temple_entry_butterflies,
          serial_park_tiny_2
Temple:   dpeg_five_rooms_temple

Skill      XL: |  1  2  3  4  5  6 |
---------------+-------------------+-----
Dodging        | 2 3 |  3.1
Armour         | 1 2 |  2.3
Unarmed Combat | 4 5 |  5.3
Throwing       | 1 2 |  2.3
Fighting       | 3 |  3.5
Evocations     | 1 |  1.6

Action                   |  1- 3 |  4- 6 |  7- 9 || total
-------------------------+-------+-------+-------++-------
Melee: Unarmed           |   100 |   147 |    30 ||   277
       Punch             |     1 |     2 |     3 ||     6
  Use: Potion            |       |       |     1 ||     1
 Stab: Sleeping          |       |     9 |     2 ||    11
Armor: Robe              |    37 |    56 |    15 ||   108
       Skin              |       |       |     3 ||     3
Dodge: Dodged            |    47 |    65 |     8 ||   120

Table legend: (Time is in decaauts)
 A = Elapsed time spent in this place.
 B = Non-inter-level travel time spent in this place.
 C = Inter-level travel time spent in this place.
 D = Time resting spent in this place.
 E = Time spent auto-exploring this place.
 F = Levels seen in this place.
 G = Mean time per level.
                   A        B        C        D        E       F      G
               +--------+--------+--------+--------+--------+-----+--------+
         Total |   4015 |   3866 |    149 |     32 |   3119 |   6 |  669.2 |
       Dungeon |   3753 |   3646 |    107 |     32 |   2909 |   5 |  750.6 |
        Temple |    261 |    219 |     42 |      0 |    210 |   1 |  261.0 |
               +--------+--------+--------+--------+--------+-----+--------+

Top non-repeatable levels by time:
     D:3: 997 daAuts
     D:1: 965 daAuts
     D:2: 676 daAuts
     D:5: 596 daAuts
     D:4: 517 daAuts
  Temple: 261 daAuts
